 Dungeon Crawl Stone Soup version 0.31.0-9-g3a7656b989 (webtiles) character file.

Game seed: 13346911738427721631

82 qw the Shooter (level 4, -4/25 HPs)
             Began as a Deep Elf Hunter on Feb 2, 2024.
             Incinerated by a bombardier beetle (5 damage)
             ... with a burning spray
             ... on level 3 of the Dungeon.
             The game lasted 00:00:04 (1258 turns).

qw the Shooter (Deep Elf Hunter)                    Turns: 1258, Time: 00:00:05

Health: -4/25      AC:  6    Str: 10    XL:     4   Next: 21%
Magic:  6/6        EV: 11    Int: 14    God:
Gold:   105        SH:  0    Dex: 18    Spells: 3/3 levels left

rFire   . . .        a - +1 shortbow
rCold   . . .        (shield currently unavailable)
rNeg    . . .        g - +0 ring mail
rPois   .            (no helmet)
rElec   .            (no cloak)
rCorr   .            (no gloves)
SInv    .            d - +0 pair of boots
Will    .....        (no amulet)
Stlth   +            (no ring)
HPRegen 0.24/turn    (no ring)
MPRegen 0.10/turn

%: no passive effects
@: mighty, on fire, glowing
A: no striking features
a: no special abilities


You were on level 3 of the Dungeon.
You visited 1 branch of the dungeon, and saw 3 of its levels.

You collected 105 gold pieces.


   Skills:
 - Level 1.5 Fighting
 + Level 7.6 Ranged Weapons
 - Level 2.4 Dodging
 - Level 1.2 Stealth


You had 3 spell levels left.
You didn't know any spells.
Your spell library was empty.

Inventory:

Hand Weapons
 a - a +1 shortbow (weapon)
Armour
 d - a +0 pair of boots (worn)
 g - a +0 ring mail (worn)
Potions
 b - a potion of heal wounds
 c - a potion of might

Dungeon Overview and Level Annotations

Branches:
Dungeon (3/15)

Altars:


Message History

1212 ||| DRINKING 2 bubbling green potions.
It was a potion of might.
You feel very mighty all of a sudden.
Done exploring.
What level of the Dungeon? (default 1, ? - help)
There is a stone staircase leading down here.
You climb downwards.
There is a stone staircase leading up here.
Waypoint 2 assigned to D:3.
Found a whip.
A bombardier beetle comes into view.
Found 2 gold pieces.
You shoot an arrow. The arrow hits the bombardier beetle.
The bombardier beetle is moderately wounded.
You shoot an arrow.
The arrow barely misses the bombardier beetle.
You shoot an arrow. The arrow hits the bombardier beetle.
The bombardier beetle is heavily wounded.
You shoot an arrow.
The arrow barely misses the bombardier beetle.
You shoot an arrow. The arrow hits the bombardier beetle!
The bombardier beetle is almost dead.
The bombardier beetle sprays incendiary fluid at you.
The burning spray hits you.
You are covered in liquid fire!
You shoot an arrow. The arrow hits the bombardier beetle.
You kill the bombardier beetle!
The liquid fire burns you!
You have reached level 4!
You feel clever.
You are on fire!
The liquid fire burns you!
You are on fire!
The liquid fire burns you!
You are on fire!
The liquid fire burns you!
You are on fire!
The liquid fire burns you!
You are on fire!
The liquid fire burns you!
You die...

. .. ...
....
######.....
#<.........
###.##....8
#..........
#@...#.....
#....# ....
#!......8.8
.)......##.
.........#
..........#
..........#
.$........#


There were no monsters in sight!

Vanquished Creatures
  A bombardier beetle (D:3)
  An adder (D:2)
  2 dart slugs (D:1)
  8 ball pythons
  5 endoplasms
  A giant cockroach (D:1)
  4 goblins
  3 hobgoblins
  A quokka (D:1)
  A bat (D:1)
  3 frilled lizards
  7 kobolds
  3 rats
40 creatures vanquished.

Notes
Turn   | Place    | Note
-------+----------+-------------------------------------------
     0 | D:1      | qw the Deep Elf Hunter began the quest for the Orb.
     0 | D:1      | Reached XP level 1. HP: 12/12 MP: 3/3
     0 | D:1      | 0 ||| qw: Version: 0.3-a-155-g5e7d8dd
     0 | D:1      | 0 ||| qw: Game counter: 2229
     0 | D:1      | 0 ||| qw: Melee chars always use a shield: true
     0 | D:1      | 0 ||| qw: God list: Okawaru
     0 | D:1      | 0 ||| qw: Allow faded altars: false
     0 | D:1      | 0 ||| qw: Do Orc after clearing Dungeon:15 true
     0 | D:1      | 0 ||| qw: Do second Lair branch before Depths: true
     0 | D:1      | 0 ||| qw: Lair rune preference: random
     0 | D:1      | 0 ||| qw: Goals: Normal
     0 | D:1      | 0 ||| PLANNING D:1-11
    38 | D:1      | You fall into a shaft and drop 1 floor!
    47 | D:2      | 47 ||| DROPPING scroll of butterflies.
    54 | D:2      | Reached skill level 6 in Ranged Weapons
    54 | D:2      | Reached XP level 2. HP: 15/16 MP: 4/4
    60 | D:2      | 60 ||| FLEEEEING.
    61 | D:2      | 61 ||| FLEEEEING.
   227 | D:1      | Reached XP level 3. HP: 17/20 MP: 5/5
   561 | D:1      | 561 ||| UPGRADING to +0 pair of boots.
   566 | D:1      | 566 ||| UPGRADING to +0 ring mail.
   576 | D:1      | 576 ||| DROPPING +0 leather armour.
   577 | D:1      | 577 ||| READING scroll labelled ILAUNGEZ OXTYTTIXO.
   578 | D:1      | 578 ||| READING scroll labelled ZYWKETR OHETOM.
   579 | D:1      | 579 ||| READING scroll labelled QACVY ET COLA.
   579 | D:1      | 579 ||| IDENTIFYING fuming amethyst potion
   580 | D:1      | 580 ||| READING scroll labelled ONOOGAOFRER.
   580 | D:1      | 580 ||| ENCHANTING +0 shortbow.
   581 | D:1      | 581 ||| DROPPING potion of degeneration.
   583 | D:1      | 583 ||| Stepping ~*~*~tactically~*~*~ (cloud).
   588 | D:1      | HP: 5/20 [poisoned by you (poison gas)]
   592 | D:1      | HP: 2/20 [poisoned by you (poison gas)]
   781 | D:2      | Reached skill level 7 in Ranged Weapons
  1211 | D:2      | 1211 ||| READING scroll of identify.
  1211 | D:2      | 1211 ||| IDENTIFYING metallic coppery potion
  1212 | D:2      | 1212 ||| DRINKING 2 bubbling green potions.
  1254 | D:3      | Reached XP level 4. HP: 18/25 MP: 6/6
  1256 | D:3      | HP: 6/25 [burnt (5)]
  1257 | D:3      | HP: 1/25 [burnt (5)]
  1258 | D:3      | Incinerated by a bombardier beetle

Levels and vault maps discovered:
D:1:      pf_arrival_petrified_forest, layout_rooms, dk_noncrumbling_4,
          minmay_misc_feat_nine_boxes
D:2:      layout_loops_ring
D:3:      layout_basic, ebering_ecumenical_altar_ruins, gammafunk_ghost_grave

Skill      XL: |  1  2  3 |
---------------+----------+-----
Ranged Weapons | 6 7 |  7.6
Fighting       | |  1.5
Dodging        | |  2.4
Stealth        | |  1.2

Action                     |  1- 3 |  4- 6 || total
---------------------------+-------+-------++-------
   Fire: Shortbow          |    95 |       ||    95
    Use: Scroll            |     5 |       ||     5
         Potion            |     1 |       ||     1
 Armour: Leather armour    |    11 |       ||    11
         Ring mail         |     4 |       ||     4
  Dodge: Dodged            |    10 |       ||    10

Table legend:
 A = Non-vault XP
 B = Vault XP
 C = Vault XP percentage of total XP
 D = Non-vault monster count
 E = Vault monster count
 F = Vault count percentage of total count
                 A         B        C        D         E       F
            +---------+---------+-------+---------+---------+-------
      Total |     118 |       0 |   0.0 |      40 |       0 |   0.0
            +---------+---------+-------+---------+---------+-------
        D:1 |      49 |       0 |   0.0 |      29 |       0 |   0.0
        D:2 |      27 |       0 |   0.0 |      10 |       0 |   0.0
        D:3 |      42 |       0 |   0.0 |       1 |       0 |   0.0
            +---------+---------+-------+---------+---------+-------
